 Dungeon Crawl Stone Soup version 0.19-a0-550-g174f244 (webtiles) character file.

1150 AlphabetPasta the Archer (level 8, -4/66 HPs)
             Began as a Centaur Hunter on June 7, 2016.
             Was a Priest of Jiyva.
             Slain by an orc warrior
             ... wielding a +0 hand axe
              (12 damage)
             ... on level 7 of the Dungeon.
             The game lasted 00:37:31 (6854 turns).

AlphabetPasta the Archer (Centaur Hunter)           Turns: 6854, Time: 00:37:35

Health: -4/66      AC: 13    Str: 14    XL:     8   Next: 15%
Magic:  10/10      EV: 10    Int: 12    God:    Jiyva [***...]
Gold:   137        SH:  0    Dex: 13    Spells: 0 memorised, 7 levels left

rFire  . . .     SeeInvis .     b - +0 hand axe
rCold  . . .     Gourm    .     q - +5 leather armour of the Louse {+Blink Int+4 Stlth+}
rNeg   . . .     Faith    .     (no shield)
rPois  .         Spirit   .     p - +0 helmet
rElec  .         Dismiss  .     A - +0 cloak (curse)
rCorr  +         Reflect  .     G - +0 pair of gloves
SustAt .         Harm     .     (no barding)
MR     .....                    (no amulet)
Stlth  ++........               (no ring)
                                (no ring)

@: hasted, very quick, not resistant to hostile enchantments, unstealthy
A: hooves 3, deformed body, dopey 1, speed 2, slow regeneration 1, tough skin 3,
wild magic 1
a: Request Jelly, Jelly Paralyse, Renounce Religion, Evoke Blink


You were on level 7 of the Dungeon.
You worshipped Jiyva.
Jiyva was most pleased with you.
You were not hungry.

You visited 2 branches of the dungeon, and saw 8 of its levels.
You also visited: Sewer and Ossuary.

You collected 278 gold pieces.
You spent 141 gold pieces at shops.

Inventory:

Hand Weapons
 a - a +1 longbow
 b - a +0 hand axe (weapon)
 e - a +0 short sword
 w - a +1 shortbow
 B - a +0 battleaxe
 E - a +0 war axe
 J - a cursed -2 battleaxe
Missiles
 d - 139 arrows
Armour
 c - a +0 leather armour
 p - a +0 helmet (worn)
 q - the +5 leather armour of the Louse (worn) {+Blink Int+4 Stlth+}
   (You found it on level 4 of the Dungeon)

   It affects your intelligence (+4).
   It lets you blink.
   It makes you more stealthy.
 A - a cursed +0 cloak (worn)
 G - a +0 pair of gloves (worn)
 I - a troll hide {Purgy}
Jewellery
 o - an uncursed amulet of regeneration {unknown}
 C - an uncursed ring of fire {unknown}
Wands
 h - a wand of heal wounds (0/9)
 s - a wand of flame (31/48)
 x - a wand of digging (10/24)
 y - a wand of polymorph (9/24)
 D - a wand of random effects (19/48)
 O - a wand of confusion (16/48)
Scrolls
 r - 3 scrolls of teleportation
 u - 3 scrolls of enchant armour
 v - a scroll of remove curse
 H - a scroll of blinking
 K - a scroll of magic mapping
 N - a scroll of fog
Potions
 g - a potion of lignification
 i - 3 potions of flight
 j - a potion of resistance
 l - 2 potions of cure mutation
 t - a potion of mutation
 M - a potion of agility {unknown}
Comestibles
 f - 4 bread rations
 k - a slice of pizza
 m - 3 meat rations
 n - 7 fruits


   Skills:
 + Level 3.8 Fighting
 * Level 4.0 Axes
 * Level 8.4 Bows
 + Level 2.2 Armour
 + Level 2.9 Dodging
 - Level 0.5 Stealth
 + Level 2.7 Evocations


You had 7 spell levels left.
You didn't know any spells.

Dungeon Overview and Level Annotations

Branches:
Dungeon (7/15)             Temple (1/1) D:4

Altars:
Ashenzari
Cheibriados
Elyvilon
Fedhas
Gozag
Hepliaklqana
Kikubaaqudgha
Nemelex Xobeh
Okawaru
Pakellas
Qazlal
Ru
Trog
Uskayaw
Vehumet
Yredelemnul
The Shining One
Jiyva

Shops:
D:5 **


Innate Abilities, Weirdness & Mutations

You have hooves in place of feet.
Armour fits poorly on your strangely shaped body.
You cover ground very quickly.
You have extremely tough skin. (AC +3)
You are dopey. (Int -2)
You regenerate slowly when monsters are visible.
Your spells are a little harder to cast, but a little more powerful.


Message History

You feel stupid. The jackal skeleton closely misses you.
The orc warrior hits you with a hand axe!
* * * LOW HITPOINT WARNING * * *
The jackal skeleton barely misses you.
You feel better. The orc warrior closely misses you.
The jackal skeleton bites you but does no damage.
You hit the orc warrior.
The orc warrior is moderately wounded.
You hit the jackal skeleton but do no damage.
The jackal skeleton bites you but does no damage.
The orc warrior hits you with a hand axe.
* * * LOW HITPOINT WARNING * * *
It was a potion of haste.
You feel yourself speed up. The jackal skeleton barely misses you.
You hear a distant slurping noise. x2
Jiyva appreciates your sacrifice.
You feel a little less hungry.
The orc warrior hits you with a hand axe!
You die...

#...###.#.#.#####......
+.#.##..#...JJ)........
#..........#..#######..
#.##...............)...
##+###.............#######..
#........).#.#.#.....####...
.........)....<#......##..#.
###.....##Z.#.####...##.##.
#....#...5o@##.## ##.....##.
..####..[####...## #..5...##
#####....###...>.#######....
#........##.......h5........
..####...##........#####.###
######.......## #.# #
##.!!..## ... ........#
..... ........... ......#


You could see an orc warrior, a crimson imp, a jackal skeleton and 2 neutral
jellies (fellow slime).

Vanquished Creatures
  Purgy (Sewer)
  A black bear (D:7)
  2 ogres
  A centaur (D:6)
  An elf zombie (Ossuary)
  A giant frog (D:7)
  A howler monkey (D:5)
  2 crimson imps
  3 hounds
  An orc priest (D:7)
  A giant frog skeleton (D:7)
  2 worker ants
  2 mummies (Ossuary)
  A hound skeleton (D:4)
  4 gnolls (D:6)
  6 adders
  A river rat (D:6)
  An adder zombie (Ossuary)
  An adder skeleton (D:5)
  4 worms
  A dart slug (D:3)
  4 giant geckos
  11 orcs
  5 ball pythons
  5 giant cockroaches
  14 goblins
  9 hobgoblins
  11 jackals
  6 kobolds
  4 quokkas
  4 bats
  A giant gecko skeleton (D:5)
  A giant gecko zombie (D:6)
  2 giant newts
  2 gnoll zombies (Ossuary)
  2 goblin zombies (Ossuary)
  2 hobgoblin zombies (Ossuary)
  2 jackal zombies (Ossuary)
  2 kobold zombies (Ossuary)
  An orc zombie (Ossuary)
  A quokka zombie (Ossuary)
  8 rats
  2 rat zombies (Ossuary)
137 creatures vanquished.

Vanquished Creatures (others)
  A phantom (D:6)
  2 elf zombies (Ossuary)
  10 jellies
  A mummy (Ossuary)
  An adder (D:6)
  4 adder zombies (Ossuary)
  A worm (D:6)
  A dart slug (D:4)
  A goblin (D:4)
  A giant newt (D:6)
  2 gnoll zombies (Ossuary)
  A goblin zombie (Ossuary)
  3 hobgoblin zombies (Ossuary)
  2 jackal zombies (Ossuary)
  2 kobold zombies (Ossuary)
  3 orc zombies (Ossuary)
  A rat zombie (Ossuary)
37 creatures vanquished.

Grand Total: 174 creatures vanquished

Notes
Turn   | Place    | Note
--------------------------------------------------------------
     0 | D:1      | AlphabetPasta the Centaur Hunter began the quest for the Orb.
     0 | D:1      | Reached XP level 1. HP: 17/17 MP: 1/1
   266 | D:1      | Reached XP level 2. HP: 21/24 MP: 2/2
  1127 | D:2      | Reached XP level 3. HP: 29/29 MP: 3/3
  1477 | D:2      | Found a bloodstained altar of Trog.
  1521 | D:2      | Reached skill level 1 in Axes
  2224 | D:3      | Reached skill level 6 in Bows
  2224 | D:3      | Reached XP level 4. HP: 30/36 MP: 4/4
  2322 | D:3      | Found an opulent altar of Gozag.
  2413 | D:3      | Found a faded altar of an unknown god.
  2677 | D:4      | Reached skill level 1 in Evocations
  2728 | D:4      | Found a staircase to the Ecumenical Temple.
  2738 | Temple   | Entered the Ecumenical Temple
  2829 | Temple   | Became a worshipper of Jiyva Jooveplu the Shapeless
  2959 | D:4      | Reached skill level 1 in Armour
  2959 | D:4      | Reached XP level 5. HP: 16/42 MP: 5/5
  3298 | D:4      | Got an emerald-encrusted leather armour
  3312 | D:4      | Identified the +5 leather armour of the Louse {+Blink Int+4 Stlth+} (You found it on level 4 of the Dungeon)
  3745 | D:5      | Entered Level 5 of the Dungeon
  3746 | D:5      | Upgraded the game from 0.19-a0-526-gbe2e51c to 0.19-a0-529-g411dd88
  3762 | D:5      | Found a sand-covered staircase.
  3768 | Ossuary  | Entered an ossuary
  3826 | Ossuary  | Reached * piety under Jiyva
  3934 | Ossuary  | Reached XP level 6. HP: 19/50 MP: 7/7
  4338 | D:5      | Reached skill level 7 in Bows
  4374 | D:5      | Found Ismymp's General Store.
  4388 | D:5      | Bought a scroll of enchant armour for 75 gold pieces
  4521 | D:5      | Found a white marble altar of Elyvilon.
  4522 | D:5      | Found a shattered altar of Ashenzari.
  4522 | D:5      | Found a hide-covered altar of Uskayaw.
  4522 | D:5      | Found an oddly glowing altar of Pakellas.
  4524 | D:5      | Found a blossoming altar of Fedhas.
  4703 | D:5      | Found Wuizog's Assorted Antiques.
  4719 | D:5      | Found a radiant altar of Vehumet.
  4728 | D:5      | Bought a fuming pink potion for 20 gold pieces
  4728 | D:5      | Bought a scroll of identify for 46 gold pieces
  4979 | D:5      | Found a sacrificial altar of Ru.
  5296 | D:6      | Found a hazy altar of Hepliaklqana.
  5453 | D:6      | Reached XP level 7. HP: 23/57 MP: 8/8
  5459 | D:6      | Reached ** piety under Jiyva
  5661 | D:6      | Upgraded the game from 0.19-a0-529-g411dd88 to 0.19-a0-550-g174f244
  5694 | D:6      | Found a glowing drain.
  5750 | Sewer    | Entered a sewer
  5868 | Sewer    | Noticed Purgy
  5886 | Sewer    | Killed Purgy
  6031 | D:6      | Reached skill level 8 in Bows
  6542 | D:7      | Reached XP level 8. HP: 19/66 MP: 9/9
  6833 | D:7      | Reached *** piety under Jiyva
  6851 | D:7      | Gained mutation: You regenerate slowly when monsters are visible. [potion of mutation]
  6851 | D:7      | Gained mutation: Your spells are a little harder to cast, but a little more powerful. [potion of mutation]
  6851 | D:7      | Gained mutation: You are dopey. (Int -2) [potion of mutation]
  6851 | D:7      | HP: 1/66 [orc warrior/hand axe (9)]
  6854 | D:7      | Slain by an orc warrior

Vault maps used:
D:1:      dpeg_arrival_chase, minmay_misc_feat_alley
D:2:      lightli_temple_of_fire
D:3:      grunt_gozag_statues, ecumenical_altar_2, first_bread
D:4:      kennysheep_the_goblin_king, minmay_temple_entry_statues_pillars,
          kennysheep_generic_room_12
D:5:      lemuel_coloured_pillars_altar, fiery_altar_vehumet, minitemple,
          serial_shops, shop, shop, nicolae_ossuary_entry_plus,
          kennysheep_generic_room_15
D:6:      old_standard_altar, portal_sewer_entry_e
D:7:      zin_scriptorium, kennysheep_little_box
Temple:   pf_slimified_temple
Sewer:    kennysheep_door_sewer
Ossuary:  minmay_ossuary_two_tombs

Skill      XL: |  1  2  3  4  5  6  7  8 |
---------------+-------------------------+-----
Axes           | 1 2 3 4 |  4.0
Bows           | 6 7 8 |  8.4
Dodging        | 2 |  2.9
Evocations     | 1 2 |  2.7
Armour         | 1 2 |  2.2
Fighting       | 3 |  3.8
Stealth        | |  0.5

Action                   |  1- 3 |  4- 6 |  7- 9 || total
-------------------------+-------+-------+-------++-------
Melee: Hand axe          |   137 |   121 |   172 ||   430
       Kick              |    20 |    33 |    44 ||    97
       War axe           |       |    16 |    20 ||    36
 Fire: Shortbow          |    41 |       |       ||    41
       Longbow           |       |    69 |     8 ||    77
Evoke: Wand              |       |       |     4 ||     4
  Use: Scroll            |       |    15 |     1 ||    16
       Potion            |       |     1 |     3 ||     4
 Stab: Sleeping          |       |     1 |     1 ||     2
  Eat: Chunk             |     3 |     6 |     2 ||    11
       Beef jerky        |       |     1 |       ||     1
       Fruit             |       |     1 |     1 ||     2
Armor: Leather armour    |    63 |    65 |   135 ||   263
Dodge: Dodged            |    79 |    88 |   145 ||   312
